 Dungeon Crawl Stone Soup version 0.29.0-15-g675c0067aa (webtiles) character file.

Game seed: 13818635201396678525

3 sentinel the Grasshopper (level 1, -8/15 HPs)
             Began as a Mummy Wanderer on Sept 11, 2022.
             Mangled by a goblin
             ... wielding a +2 dagger of electrocution
              (17 damage)
             ... on level 1 of the Dungeon.
             The game lasted 00:02:19 (173 turns).

sentinel the Grasshopper (Mummy Wanderer)            Turns: 173, Time: 00:02:19

Health: -8/15      AC:  3    Str: 13    XL:     1   Next: 41%
Magic:  3/3        EV: 11    Int: 10    God:
Gold:   0          SH:  0    Dex: 14    Spells: 2/3 levels left

rFire   x . .      SeeInvis .   a - +0 quarterstaff
rCold   + . .      Faith    .   (shield currently unavailable)
rNeg    + + +      Spirit   .   e - +0 leather armour
rPois   ∞          Reflect  .   (no helmet)
rElec   .          Harm     .   (no cloak)
rCorr   .          Rampage  .   (no gloves)
Will    .....                   (no boots)
Stlth   +.........              (no amulet)
HPRegen 0.05/turn               (no ring)
MPRegen 0.08/turn               (no ring)

@: no status effects
A: cold resistance 1, negative energy resistance 3, torment resistance 2, heat
vulnerability 1, no potions
a: no special abilities


You were on level 1 of the Dungeon.
You visited 1 branch of the dungeon, and saw 1 of its levels.

Inventory:

Hand Weapons
 a - a +0 quarterstaff (weapon)
 c - a +0 dagger
 d - a +0 dagger
Missiles
 b - 6 boomerangs (quivered)
Armour
 e - a +0 leather armour (worn)
Scrolls
 z - a scroll of blinking


   Skills:
 + Level 1.1 Fighting
 + Level 1.1 Staves
 - Level 1.5 Throwing
 - Level 1.0 Dodging
 - Level 1.0 Stealth
 + Level 1.5 Spellcasting
 - Level 1.5 Translocations
 - Level 1.0 Invocations


You had 2 spell levels left.
You knew the following spells:

 Your Spells              Type           Power      Damage    Failure   Level
g - Apportation           Tloc           6%         N/A       22%         1

Your spell library contained the following spells:

 Spells                   Type           Power      Damage    Failure   Level
 Lesser Beckoning         Tloc           3%         N/A       54%         3
 Portal Projectile        Hex/Tloc       4%         N/A       65%         3


Dungeon Overview and Level Annotations

Branches:
Dungeon (1/15) Zot: 5799

Altars:


Innate Abilities, Weirdness & Mutations

You are immune to poison.
Your flesh is cold resistant. (rC+)
You are immune to negative energy. (rN+++)
You are immune to unholy pain and torment.
You are vulnerable to heat. (rF-)
You do not drink.


Message History

The rat bites you. The rat bites you.
You closely miss the rat. The rat bites you.
You hit the rat.
The rat is heavily wounded.
The rat bites you but does no damage.
You hit the rat.
You kill the rat!
You hit the rat.
You kill the rat!
You sock the rat!
You kill the rat!
There is an open door, spattered with blood here.
You see here a rat corpse.
There is an open door here.
You hit the rat but do no damage. The rat bites you.
You hit the rat.
You kill the rat!
You see here a rat corpse.
You swing at nothing.
You swing at nothing.
You swing at nothing.
You swing at nothing.
You swing at nothing.
You swing at nothing.
You swing at nothing.
You swing at nothing.
You swing at nothing.
You swing at nothing.
You swing at nothing.
You swing at nothing.
You swing at nothing.
You swing at nothing.
You swing at nothing.
You swing at nothing.
You swing at nothing.
You swing at nothing.
You swing at nothing.
You swing at nothing.
You swing at nothing.
You swing at nothing.
You swing at nothing.
You swing at nothing.
You swing at nothing.
You swing at nothing.
You swing at nothing.
You swing at nothing.
You swing at nothing.
You swing at nothing.
You swing at nothing.
You swing at nothing.
You swing at nothing.
You swing at nothing.
You swing at nothing.
You swing at nothing.
You swing at nothing.
You swing at nothing.
You swing at nothing.
You swing at nothing.
You swing at nothing.
You swing at nothing.
You swing at nothing.
You swing at nothing.
You swing at nothing.
You swing at nothing.
You swing at nothing.
You swing at nothing.
You swing at nothing.
You swing at nothing.
You swing at nothing.
You swing at nothing.
You swing at nothing.
You swing at nothing.
You swing at nothing.
You swing at nothing.
You swing at nothing.
You swing at nothing.
You swing at nothing.
You swing at nothing.
You swing at nothing.
You swing at nothing.
You swing at nothing.
You swing at nothing.
You swing at nothing.
You swing at nothing.
You swing at nothing.
You swing at nothing.
You swing at nothing.
You swing at nothing.
You swing at nothing.
You swing at nothing.
You swing at nothing.
You swing at nothing.
You swing at nothing.
You swing at nothing.
You swing at nothing.
You swing at nothing.
You swing at nothing.
You swing at nothing.
You swing at nothing.
You swing at nothing.
You swing at nothing.
You swing at nothing.
You swing at nothing.
You swing at nothing.
You swing at nothing.
You swing at nothing.
You swing at nothing.
You swing at nothing.
You swing at nothing.
You swing at nothing.
You swing at nothing.
You open the door.
There is an open door here.
As you open the door, it creaks loudly!
A kobold comes into view. It is wielding a +0 whip.
The kobold shouts!
There is an open door here.
You closely miss the kobold. The kobold barely misses you.
You closely miss the kobold. The kobold hits you but does no damage.
You sock the kobold!
You kill the kobold!
No target in view!
There is an open door, spattered with blood here.
You see here a +0 whip.
Unknown command.
There is an open door, spattered with blood here.
You see here a +0 whip.
You open the door.
A goblin comes into view.
It is wielding a +2 dagger of electrocution.
The goblin shouts!
The goblin moves out of view.
Found a pair of embroidered gloves.
There is an open door here.
Throw: 6 boomerangs
Press: ? - help, Shift-Dir - straight line, f - goblin
Aim: a goblin, wielding a +2 dagger of electrocution (50% to hit)
You throw a boomerang. The boomerang hits the goblin.
The goblin is severely wounded.
Throw: 6 boomerangs
Press: ? - help, Shift-Dir - straight line, f/p - goblin
Aim: a goblin, wielding a +2 dagger of electrocution (severely wounded, 50% to hit)
You throw a boomerang. The boomerang barely misses the goblin.
The goblin barely misses you.
You closely miss the goblin.
The goblin is severely wounded.
The goblin hits you with a +2 dagger of electrocution.
You are electrocuted!
Ouch! That really hurt!
You die...

##.....## ##.....#
##.......## ##.......
#.........# #....<... #
#.......#####....... ##.
#.....###.###.....# #...
#...###...###...## .....
#.###.....###.###
[.....##)##.......##+##.
......g@.'....†....'.+..
......##+##.......##†##.
..... ##.....###.###
#... ##...###...## ##.
##.###.....# #
####....... #........
##....... ##.....#


You could see a goblin.

Vanquished Creatures
  A kobold (D:1)
  4 rats (D:1)
5 creatures vanquished.

Notes
Turn   | Place    | Note
-------+----------+-------------------------------------------
     0 | D:1      | sentinel the Mummy Wanderer began the quest for the Orb.
     0 | D:1      | sentinel set off with the following items: a +0
                  | quarterstaff, 6 boomerangs, a +0 dagger, a +0 leather
                  | armour, a scroll of blinking; and the following spell
                  | memorised: Apportation; and the following spells available
                  | to memorise: Lesser Beckoning, Portal Projectile.
     0 | D:1      | Reached XP level 1. HP: 15/15 MP: 2/2
   173 | D:1      | Mangled by a goblin

Illustrated notes

Levels and vault maps discovered:
D:1:      elethiomel_arrival_diamonds, layout_loops_ring, serial_park_tiny_pond

Action                   || total
-------------------------++-------
Melee: Quarterstaff      ||    11
Throw: Boomerang         ||     2
Armor: Leather armour    ||     2
Dodge: Dodged            ||     2
